 Dungeon Crawl Stone Soup version 0.25.0-10-g039870ee82 (webtiles) character file.

Game seed: 545870318818994178

36 Kold the Insei (level 3, 0/23 HPs)
             Began as an Octopode Transmuter on June 23, 2020.
             Succumbed to an adder's poison
             ... on level 2 of the Dungeon.
             The game lasted 00:03:06 (1507 turns).

Kold the Insei (Octopode Transmuter)                Turns: 1507, Time: 00:03:06

Health: 0/23       AC:  1    Str:  9    XL:     3   Next: 37%
Magic:  5/6        EV: 13    Int: 15    God:
Gold:   70         SH:  0    Dex: 13    Spells: 3/6 levels left

rFire    . . .     SeeInvis .     - Unarmed
rCold    . . .     Gourm    .   (no shield)
rNeg     . . .     Faith    .   (helmet restricted)
rPois    .         Spirit   .   (no amulet)
rElec    .         Reflect  .   (no ring)
rCorr    .         Harm     .   (no ring)
MR       .....                  (no ring)
Stlth    ++........             (no ring)
HPRegen  0.07/turn              (no ring)
MPRegen  0.10/turn              (no ring)
                                (no ring)
                                (no ring)

@: lethally poisoned (0 -> -11), berserk cooldown, stab, hasted and slowed
A: almost no armour, stealthy swim, amphibious, 8 rings, constrict 8, camouflage
1, gelatinous body 1
a: no special abilities


You were on level 2 of the Dungeon.
You were not hungry.

You visited 1 branch of the dungeon, and saw 2 of its levels.

You collected 70 gold pieces.

Inventory:

Hand Weapons
 d - a +1 club
 g - a +0 club
 k - a +0 spear
Missiles
 a - 23 arrows
Potions
 f - a potion of haste
Comestibles
 c - 2 rations
 j - a chunk of flesh


   Skills:
 - Level 1.0 Fighting
 - Level 2.1 Dodging
 + Level 3.8 Unarmed Combat
 - Level 2.2 Spellcasting
 + Level 2.4 Transmutations


You had 3 spell levels left.
You knew the following spells:

 Your Spells              Type           Power        Failure   Level  Hunger
a - Beastly Appendage     Tmut           #.....       8%          1    #......
b - Sticks to Snakes      Tmut           #.......     12%         2    ###....

Your spell library contained the following spells:

 Spells                   Type           Power        Failure   Level  Hunger
 Spider Form              Tmut/Pois      #.........   36%         3    ###....
 Ice Form                 Ice/Tmut       #.......     78%         4    #####..
 Blade Hands              Tmut           #.........   91%         5    ######.


Dungeon Overview and Level Annotations

Branches:
Dungeon (2/15)

Altars:


Innate Abilities, Weirdness & Mutations

You cannot wear most types of armour.
You are very stealthy in the water. (Stealth+)
You are amphibious.
You can wear up to eight rings at the same time.
You can use your tentacles to constrict eight enemies at once.
Your skin changes colour to match your surroundings (Stealth+).
Your rubbery body absorbs attacks. (AC +1, EV +1)


Message History

It was a potion of berserk rage.
A red film seems to cover your vision as you go berserk!
You feel yourself moving faster!
You feel mighty!
* * * LOW HITPOINT WARNING * * *
You feel sick.
You feel a strong urge to attack something.
* * * LOW HITPOINT WARNING * * *
You feel sick.
You feel your anger nearly subside.
You are no longer berserk.
You are exhausted.
You feel yourself slow down.
There is a stone staircase leading up here.
As you read the scroll labeled QEADIB YZ INE, it crumbles to dust.
You feel blessed for a moment.
It was a scroll of remove curse.
* * * LOW HITPOINT WARNING * * *
You feel sick.
As you read the scroll labeled DEBADAA ERRA, it crumbles to dust.
It is a scroll of enchant weapon.
Your +0 club glows red for a moment.
You die...

##. #..
####.<##.##
.%.........##
...>........##
.............#
.............#
.............#
.............#
...........@.#
.............#
............##
.....#.....##
############


There were no monsters in sight!

Vanquished Creatures
  An adder (D:2)
  An ooze (D:1)
  A dart slug (D:1)
  A leopard gecko (D:1)
  2 giant cockroaches
  2 goblins (D:1)
  3 hobgoblins (D:1)
  A kobold (D:1)
  A quokka (D:2)
  4 bats
  2 rats (D:1)
19 creatures vanquished.

Notes
Turn   | Place    | Note
-------+----------+-------------------------------------------
     0 | D:1      | Kold the Octopode Transmuter began the quest for the Orb.
     0 | D:1      | Reached XP level 1. HP: 13/13 MP: 3/3
   101 | D:1      | Reached XP level 2. HP: 6/18 MP: 3/5
   508 | D:1      | Learned a level 2 spell: Sticks to Snakes
  1334 | D:2      | Reached XP level 3. HP: 23/23 MP: 4/6
  1405 | D:2      | Noticed an ogre
  1506 | D:2      | HP: 1/23 [poisoned by an adder]
  1507 | D:2      | Succumbed to an adder's poison

Illustrated notes

Levels and vault maps discovered:
D:1:      dpeg_arrival_tiny_a, layout_rooms, serial_co_window_serial,
          co_window_corner_a, co_window_paths_a, co_window_paths_b,
          co_window_of_opportunity_a, co_window_paths_a,
          co_window_of_opportunity_b, co_window_paths_c, co_window_corner_b,
          co_window_paths_c, co_window_sun, co_window_4corner_b,
          glass_columns_a, glass_columns_a
D:2:      layout_rooms

Action                   || total
-------------------------++-------
Melee: Unarmed           ||    41
       Constrict         ||    14
       Tentacles         ||     7
       Kick              ||     4
 Cast: Beastly Appendage ||    20
  Use: Potion            ||     3
       Scroll            ||     2
 Stab: Sleeping          ||     2
  Eat: Chunk             ||     2
Armor: Skin              ||     5
Dodge: Dodged            ||    18
